 Dungeon Crawl Stone Soup version 0.29-a0-330-g52719c12eb (webtiles) character file.

Game seed: 9597279983690248303

172 kae the Firebug (level 5, -2/41 HPs)
             Began as a Demigod Fire Elementalist on Apr 21, 2022.
             Killed by divine providence
             ... invoked by an orc priest
              (15 damage)
             ... on level 3 of the Dungeon.
             The game lasted 00:01:33 (3421 turns).

kae the Firebug (Demigod Fire Elementalist)         Turns: 3421, Time: 00:01:33

Health: -2/41      AC:  4    Str:  9    XL:     5   Next: 6%
Magic:  17/20      EV: 12    Int: 27    God:
Gold:   140        SH:  0    Dex: 14    Spells: 3/9 levels left

rFire   . . .      SeeInvis .   (no weapon)
rCold   . . .      Faith    .   (no shield)
rNeg    . . .      Spirit   .   a - +0 robe
rPois   .          Reflect  .   (no helmet)
rElec   .          Harm     .   (no cloak)
rCorr   .          Rampage  .   (no gloves)
Will    .....                   h - +1 pair of boots
Stlth   ++........              (no amulet)
HPRegen 0.13/turn               c - ring of magical power
MPRegen 0.17/turn               e - +6 ring of intelligence

@: no status effects
A: high MP 1, forlorn, divine attributes
a: no special abilities


You were on level 3 of the Dungeon.
You visited 1 branch of the dungeon, and saw 3 of its levels.

You collected 140 gold pieces.

Inventory:

Armour
 a - a +0 robe (worn)
 h - a +1 pair of boots (worn)
Jewellery
 c - a ring of magical power (left hand)
 e - a +6 ring of intelligence (right hand)
 k - a ring of resist corrosion
Scrolls
 i - a scroll of teleportation {unknown}
Potions
 b - a potion of magic
 d - 3 potions of might
 f - a potion of brilliance
 g - a potion of flight
 l - a potion of heal wounds {unknown}
 m - a potion of mutation {unknown}


   Skills:
 + Level 1.8 Fighting
 - Level 1.7 Dodging
 - Level 1.7 Stealth
 + Level 2.5 Spellcasting
 + Level 2.1 Conjurations
 * Level 4.0 Fire Magic


You had 3 spell levels left.
You knew the following spells:

 Your Spells              Type           Power      Damage    Failure   Level
a - Foxfire               Conj/Fire      80%        2x1d8     2%          1
b - Scorch                Fire           50%        2d7       2%          2
c - Conjure Flame         Conj/Fire      20%        6-21      8%          3

Your spell library contained the following spells:

 Spells                   Type           Power      Damage    Failure   Level
 Inner Flame              Hex/Fire       14%        N/A       12%         3
 Ignite Poison            Fire/Tmut/Pois 10%        N/A       16%         3
 Mephitic Cloud           Conj/Pois/Air  7%         N/A       21%         3
 Flame Wave               Conj/Fire      20%        2d7       26%         4
 Olgreb's Toxic Radiance  Pois           3%         N/A       67%         4


Dungeon Overview and Level Annotations

Branches:
Dungeon (3/15)

Annotations:
D:3 Ijyb


Innate Abilities, Weirdness & Mutations

You have an increased reservoir of magic. (+10% MP)
You shall have no god before yourself.
Your divine heritage dramatically boosts your attributes as you level up.


Message History

An orc comes into view. It is wielding a +0 hand axe.
The foxfire hits the orc priest.
The orc priest is lightly wounded.
The orc shouts!
There are monsters nearby!
Casting: Foxfire (safe; 2% risk of failure)
Confirm with . or Enter, or press ? or * to list all spells.
You conjure some foxfire!
The orc priest begins to cast a cantrip, but forgets the words!
An orc comes into view. It is wielding a +0 mace.
The foxfire hits the orc priest.
The orc priest is heavily wounded.
Your foxfire dissipates!
There is an open door here.
Casting: Foxfire (safe; 2% risk of failure)
Confirm with . or Enter, or press ? or * to list all spells.
You conjure some foxfire!
The foxfire hits the orc!
You kill the orc!
The foxfire hits the orc but does no damage.
Casting: Foxfire (safe; 2% risk of failure)
Confirm with . or Enter, or press ? or * to list all spells.
You conjure some foxfire!
The orc priest mumbles some strange prayers to Beogh against you.
Beogh smites you!
The foxfire hits the orc but does no damage.
The foxfire hits the orc.
The orc is heavily wounded.
Casting: Foxfire (safe; 2% risk of failure)
Confirm with . or Enter, or press ? or * to list all spells.
You conjure some foxfire!
The orc priest mumbles some strange prayers to Beogh against you.
Beogh smites you!
The foxfire hits the orc.
The orc is heavily wounded.
The foxfire hits the orc.
You kill the orc!
The orc priest calls down the wrath of Beogh upon you.
Beogh smites you!
You die...

...≈≈.≈≈....##
#.##.##.
#............##
# #<##.
.....##.......##
#.##.
>...##.........#
#.##. .
+.........+
.....
#.........#
..###
##.......## ##.#
##.§§.)## ###
##.@.## ##)##
#.# #.# #o#
#.........
#.....#####
......##
###.....


You could see an orc priest.

Vanquished Creatures
  A phantom (D:3)
  4 adders
  A worm (D:2)
  2 dart slugs
  3 orcs (D:3)
  8 endoplasms
  4 giant cockroaches
  3 goblins (D:1)
  4 hobgoblins
  7 jackals (D:1)
  4 ball pythons
  4 bats
  A frilled lizard (D:1)
  4 kobolds (D:1)
  8 rats
58 creatures vanquished.

Vanquished Creatures (collateral kills)
  A foxfire (D:1)
1 creature vanquished.

Vanquished Creatures (others)
  155 foxfires
155 creatures vanquished.

Grand Total: 214 creatures vanquished

Notes
Turn   | Place    | Note
-------+----------+-------------------------------------------
     0 | D:1      | kae the Demigod Fire Elementalist began the quest for the
                  | Orb.
     0 | D:1      | Reached XP level 1. HP: 14/14 MP: 5/5
    55 | D:1      | Reached skill level 1 in Conjurations
   507 | D:1      | Reached XP level 2. HP: 19/22 MP: 1/7
   566 | D:1      | Reached skill level 3 in Fire Magic
  1575 | D:1      | Reached XP level 3. HP: 26/27 MP: 8/8
  1588 | D:1      | Learned a level 2 spell: Scorch
  1592 | D:1      | Learned a level 3 spell: Conjure Flame
  1623 | D:1      | Reached skill level 1 in Fighting
  2063 | D:2      | Got the Guide on Poison
  2304 | D:2      | You fall into a shaft and drop 1 floor!
  2577 | D:3      | Noticed a phantom
  2585 | D:3      | Killed a phantom
  2586 | D:3      | Reached XP level 4. HP: 26/35 MP: 10/10
  2694 | D:3      | Noticed Ijyb
  3359 | D:3      | Reached skill level 4 in Fire Magic
  3359 | D:3      | Reached XP level 5. HP: 41/41 MP: 11/11
  3421 | D:3      | Killed from afar by an orc priest

Illustrated notes

Levels and vault maps discovered:
D:1:      lightli_arrival_chessboard, layout_loops_corners,
          dreamdust_ecumenical_altar_hidden_monk_grotto
D:2:      layout_basic
D:3:      layout_loops_corners, nicolae_uskayaw_dance_hall,
          mainiacjoe_overflow_small_starburst, tso_metal_star,
          nicolae_overflow_crystal_walls, solitary_fountain,
          grunt_decor_fettered, minmay_misc_feat_tiny,
          chequers_decorated_corner, corexii_item_surrounded_by_moat,
          chequers_serial_rivers_large_b, minmay_hedge_maze, uniq_ijyb,
          uniq_robin

Skill      XL: |  1  2  3  4 |
---------------+-------------+-----
Conjurations   | 1 2 |  2.1
Fire Magic     | 3 4 |  4.0
Spellcasting   | 2 |  2.5
Fighting       | 1 |  1.8
Dodging        | |  1.7
Stealth        | |  1.7

Action                   |  1- 3 |  4- 6 || total
-------------------------+-------+-------++-------
Melee: Unarmed           |    21 |       ||    21
 Cast: Foxfire           |    68 |    26 ||    94
       Scorch            |    13 |     9 ||    22
  Use: Scroll            |     2 |     3 ||     5
Armor: Robe              |    16 |     3 ||    19
Dodge: Dodged            |    49 |     5 ||    54

Table legend: (Time is in decaauts)
 A = Elapsed time spent in this place.
 B = Non-inter-level travel time spent in this place.
 C = Inter-level travel time spent in this place.
 D = Time resting spent in this place.
 E = Time spent auto-exploring this place.
 F = Levels seen in this place.
 G = Mean time per level.
                   A        B        C        D        E       F      G
               +--------+--------+--------+--------+--------+-----+--------+
         Total |   3420 |   3335 |     85 |      0 |   2912 |   3 | 1140.0 |
       Dungeon |   3420 |   3335 |     85 |      0 |   2912 |   3 | 1140.0 |
               +--------+--------+--------+--------+--------+-----+--------+

Top non-repeatable levels by time:
     D:1: 2051 daAuts
     D:2: 864 daAuts
     D:3: 505 daAuts
